 Dungeon Crawl Stone Soup version 0.31.0-11-ge490571c62 (webtiles) character file.

Game seed: 16072298946502847431

238058 jasper the Corrupter of Planes (level 19, -9/183 HPs)
             Began as a Hill Orc Cinder Acolyte on Jan 28, 2024.
             Was the Champion of Lugonu.
             Shot with an arrow by a deep elf archer (12 damage)
             ... on level 1 of the Elven Halls.
             The game lasted 01:16:48 (37645 turns).

jasper the Corrupter of Planes (HOCA)              Turns: 37645, Time: 01:16:50

Health: -9/183     AC: 28    Str: 25    XL:     19   Next: 25%
Magic:  33/33      EV:  7    Int: 14    God:    Lugonu [******]
Gold:   681        SH: 15    Dex:  8    Spells: 16/20 levels left

rFire   + + .        J - +8 broad axe (distort)
rCold   . . .        V - +2 kite shield {rF+}
rNeg    . . .        z - +2 plate armour {rF+}
rPois   +            u - +1 helmet
rElec   .            M - +0 cloak
rCorr   .            U - +0 pair of gloves "Kungosif" {Regen+ Dex+2}
SInv    .            p - +1 pair of boots
Will    +....        C - amulet of regeneration Stlth
                     N - ring of flight
HPRegen 2.10/turn    E - ring of poison resistance
MPRegen 0.23/turn

%: no passive effects
@: flying, studying 2 skills
A: no striking features
}: 2/15 runes: serpentine, barnacled
a: Renounce Religion, Depart the Abyss, Banish, Corrupt, Enter the Abyss


You were on level 1 of the Elven Halls.
You worshipped Lugonu.
Lugonu was exalted by your worship.
You visited 7 branches of the dungeon, and saw 32 of its levels.
You also visited: Ice Cave.

You collected 3249 gold pieces.
You spent 2568 gold pieces at shops.

Inventory:

Hand Weapons
 J - a +8 broad axe of distortion (weapon)
Missiles
 d - 305 stones (quivered)
 l - 6 throwing nets
 q - 5 javelins
 r - 32 poisoned darts
 Q - a curare-tipped dart
Armour
 p - a +1 pair of boots (worn)
 u - a +1 helmet (worn)
 z - a +2 plate armour of fire resistance (worn)
 D - a +0 kite shield of poison resistance
 M - a +0 cloak (worn)
 U - the +0 pair of gloves "Kungosif" (worn) {Regen+ Dex+2}
   (You found it on level 10 of the Dungeon)

   Dex+2:     It affects your dexterity (+2).
   Regen+:    It increases your rate of health regeneration.
 V - a +2 kite shield of fire resistance (worn)
Jewellery
 g - a +5 ring of evasion
 C - an amulet of regeneration (around neck)
 E - a ring of poison resistance (right hand)
 F - a ring of positive energy
 N - a ring of flight (left hand)
 W - a ring of protection from cold
Wands
 k - a wand of mindburst (4)
 t - a wand of light (17)
 x - a wand of polymorph (21)
 y - a wand of charming (17)
 A - a wand of digging (3)
 K - a wand of flame (68)
 X - a wand of roots (19)
Scrolls
 a - 2 scrolls of brand weapon
 f - 25 scrolls of teleportation
 h - 4 scrolls of immolation
 n - 9 scrolls of fog
 w - 3 scrolls of noise
 B - 3 scrolls of poison
 G - 18 scrolls of identify
 I - a scroll of revelation
 L - 4 scrolls of enchant armour
 O - 4 scrolls of blinking
 P - 3 scrolls of fear
 R - 6 scrolls of vulnerability
 Z - 2 scrolls of summoning
Potions
 b - 4 potions of might
 c - 5 potions of haste
 e - 3 potions of curing
 i - 2 potions of cancellation
 j - 5 potions of enlightenment
 m - 5 potions of lignification
 o - 3 potions of invisibility
 s - 9 potions of mutation
 H - 2 potions of berserk rage
 S - 3 potions of magic
 T - 3 potions of resistance
 Y - 3 potions of attraction


   Skills:
 + Level 19.4 Fighting
 - Level 18.0 Axes
 + Level 17.0 Armour
 + Level 17.0 Shields
 - Level 1.0 Spellcasting
 - Level 3.2 Fire Magic
 + Level 21.6 Invocations


You had 16 spell levels left.
You knew the following spells:

 Your Spells              Type           Power      Damage    Failure   Level
a - Apportation           Tloc           0%         N/A       93%         1
b - Swiftness             Air            0%         N/A       100%        3

Your spell library contained the following spells:

 Spells                   Type           Power      Damage    Failure   Level
 Scorch                   Fire           18%        2d5       67%         2
 Shock                    Conj/Air       0%         1d3       93%         1
 Slow                     Hex            0%         N/A       93%         1
 Summon Small Mammal      Summ           0%         N/A       93%         1
 Jinxbite                 Hex            0%         N/A       98%         2
 Mercury Vapours          Alch/Air       0%         N/A       98%         2
 Volatile Blastmotes      Fire/Tloc      10%        2d10      98%         3
 Call Canine Familiar     Summ           0%         N/A       100%        3
 Confusing Touch          Hex            0%         N/A       100%        3
 Dazzling Flash           Conj/Hex       0%         N/A       100%        3
 Mephitic Cloud           Conj/Alch/Air  0%         N/A       100%        3
 Sigil of Binding         Hex            0%         N/A       100%        3
 Vampiric Draining        Necr           0%         2d6       100%        3
 Airstrike                Air            0%         2d(0-16)  100%        4
 Animate Armour           Summ/Erth      0%         N/A       100%        4
 Fulminant Prism          Conj/Alch      0%         3d5       100%        4
 Iskenderun's Mystic Bla  Conj/Tloc      0%         2d3       100%        4
 Leda's Liquefaction      Alch/Erth      0%         N/A       100%        4
 Olgreb's Toxic Radiance  Alch           0%         N/A       100%        4
 Summon Blazeheart Golem  Fire/Summ      5%         N/A       100%        4
 Summon Lightning Spire   Summ/Air       0%         N/A       100%        4
 Alistair's Intoxication  Alch           0%         N/A       100%        5
 Freezing Cloud           Conj/Ice/Air   0%         6-21      100%        5
 Lee's Rapid Deconstruct  Erth           0%         3d4*      100%        5
 Bombard                  Conj/Erth      0%         9d1       100%        6
 Starburst                Conj/Fire      2%         6d3       100%        6
 Ozocubu's Refrigeration  Ice            0%         4d7       100%        7
 Discord                  Hex            0%         N/A       100%        8
 Maxwell's Capacitive Co  Air            0%         ∞         100%        8


Dungeon Overview and Level Annotations

Branches:
Dungeon (15/15)            Temple (1/1) D:5            Lair (5/5) D:9
 Shoals (4/4) Lair:3        Snake (4/4) Lair:2        Slime (0/5) Lair:4
    Orc (2/2) D:9             Elf (1/3) Orc:2        Vaults (0/5) D:14
 Depths (0/4) D:15          IceCv (visited)

Altars:
Ashenzari
Cheibriados
Dithmenos
Elyvilon
Fedhas
Gozag
Hepliaklqana
Kikubaaqudgha
Makhleb
Nemelex Xobeh
Okawaru
Qazlal
Ru
Sif Muna
Trog
Uskayaw
Vehumet
Wu Jian
Xom
Yredelemnul
Zin
The Shining One
Lugonu

Shops:
D:2 *   D:6 !   D:8 ?   Orc:2 =?(*?   Shoals:4 [   Snake:3 ?(

Portals:
Pandemonium: Orc:2

Annotations:
D:3 exclusion: door
D:13 2 transporters, Secargh's ghost, journeyman DsGl
D:15 2 transporters, exclusions: obsidian statue and orange crystal statue, SafestHooves's ghost, journeyman CeMo; Xiestris's ghost, journeyman DsGl
Lair:3 1 runed translucent door, LoggersVIII's ghost, journeyman OpEE
Lair:4 1 runed translucent door, Murgh's ghost, journeyman MiBe
Shoals:4 corrupted
Snake:3 corrupted
Snake:4 3 runed translucent doors, LobsterGuardian's ghost, adept DsNe
Abyss:1 Nikola; Snorg


Message History

* * * LOW HITPOINT WARNING * * *
You block the +3 long sword of electrocution's attack.
The deep elf archer shoots an arrow.
The arrow hits you!
* * * LOW HITPOINT WARNING * * *
You see here a +0 short sword.
Unknown command.
The shining eye changes into a black mamba!
You block the +3 long sword of electrocution's attack.
You slice the black mamba!!
The black mamba is severely wounded.
You barely miss the +3 long sword of electrocution.
The black mamba changes into a mana viper!
The +3 long sword of electrocution hits you!
* * * LOW HITPOINT WARNING * * *
You slice the mana viper!!
The mana viper is heavily wounded.
You closely miss the +3 long sword of electrocution.
The +3 long sword of electrocution hits you.
* * * LOW HITPOINT WARNING * * *
You block the mana viper's attack.
You block the +3 long sword of electrocution's attack.
You feel better.
You block the +3 long sword of electrocution's attack.
The mana viper bites you but does no damage.
You slash the mana viper!
The mana viper is severely wounded.
You closely miss the +3 long sword of electrocution.
The +3 long sword of electrocution hits you!
* * * LOW HITPOINT WARNING * * *
You block the mana viper's attack.
The deep elf archer casts a spell at you.
You easily resist.
You feel better.
The +3 long sword of electrocution hits you but does no damage.
You block the mana viper's attack.
The +3 long sword of electrocution hits you but does no damage.
You are electrocuted!
* * * LOW HITPOINT WARNING * * *
The deep elf archer shoots an arrow.
The arrow hits you!
You die...

' . .. ... ....
##### .....
#S)e#.e....
#####@#).......
#...().##......
######.8....#
#.....
##....'......#
#....
#....)'......#
#...
#...<)'......#
###
#.....').....#
##....'......#
######.8....#


You could see a deep elf archer (repels missiles), a mana viper shaped shifter
and a +3 long sword of electrocution.

Vanquished Creatures
  2 krakens
  4 nagarajas
  A frost giant (D:15)
  A merfolk javelineer (Shoals:4)
  An entropy weaver (shapeshifter) (D:14)
  3 merfolk impalers (Shoals:4)
  3 salamander tyrants
  Harold (Orc:1)
  7 hydras
  2 alligator snapping turtles
  4 catoblepae
  An ogre mage (D:15)
  3 merfolk avatars
  2 merfolk aquamancers (Shoals:4)
  3 demonspawn (Orc:2)
  A satyr (Shoals:2)
  5 anacondas
  4 centaur warriors
  A deep troll shaman (Lair:5)
  A dancing weapon (Elf:1)
  3 boulder beetles
  8 naga warriors
  6 death yaks (Lair:5)
  4 tengu warriors (D:15)
  5 two-headed ogres
  Urug (Orc:1)
  5 shock serpents
  7 orc high priests
  6 naga sharpshooters
  An occultist (D:14)
  A deep elf knight (Elf:1)
  A sixfirhy (Orc:2)
  A skyshark (shapeshifter) (D:14)
  A hell knight (D:14)
  The ghost of drcatpants2 the Cleaver, a novice BaBe of Trog (D:6)
  8 sea snakes
  A skeletal warrior (D:7)
  4 salamander mystics
  2 arcanists
  9 mana vipers
  7 naga ritualists
  2 lindwurms
  20 harpies
  Pikel (D:9)
  5 deep elf zephyrmancers (Elf:1)
  3 necromancers (D:14)
  4 orc knights
  10 ugly things
  3 cyclopes
  13 fauns
  5 deep elf pyromancers
  6 orc sorcerers
  Maurice (D:7)
  13 salamanders
  18 elephants
  13 manticores
  4 merfolk sirens
  3 meliai (D:14)
  37 black mambas
  3 water nymphs
  A kobold blastminer (Orc:2)
  9 guardian serpents
  14 cane toads
  A rust devil (D:14)
  16 naga magi
  A torpor snail (Lair:5)
  2 rime drakes (Lair:1)
  Maggie (D:7)
  A gargoyle (D:12)
  A kobold demonologist (D:6)
  7 komodo dragons
  2 unseen horrors
  3 ice devils
  2 red devils (Orc:2)
  29 merfolk
  A hellwing (Orc:2)
  6 wind drakes
  5 polar bears (Lair:5)
  8 trolls
  A hornet (D:9)
  19 blink frogs
  11 snapping turtles
  7 dream sheep (Lair:5)
  3 shadows
  8 slime creatures (D:14)
  2 centaur simulacra
  7 water elementals
  4 wyverns
  5 basilisks
  54 yaks
  A steam dragon (D:9)
  4 wraiths
  3 fire elementals
  13 vampire mosquitoes
  34 nagas
  Edmund (D:4)
  16 water moccasins
  3 acid dragons
  6 hell hounds (D:14)
  A swamp drake (D:9)
  2 ice beasts (D:5)
  31 orc warriors
  2 black bears
  A black bear (shapeshifter) (D:14)
  4 ogres
  A phantom (D:5)
  20 wolves
  12 centaurs
  A lemure (D:9)
  2 kobold brigands
  14 bullfrogs
  5 scorpions
  A two-headed ogre simulacrum (IceCv)
  3 gnoll sergeants
  A killer bee (D:7)
  4 howler monkeys (D:9)
  6 electric eels
  3 lava snakes
  A jelly (D:6)
  A gnoll bouda (D:6)
  20 orc priests
  3 bombardier beetles
  4 hounds
  An iguana (D:5)
  32 orc wizards
  2 sleepcaps
  A troll simulacrum (IceCv)
  A spriggan simulacrum (IceCv)
  7 adders
  21 gnolls
  A naga simulacrum (IceCv)
  A river rat (D:5)
  An ufetubus (IceCv)
  3 ribbon worms
  2 dart slugs
  64 orcs
  5 bats
  5 endoplasms
  5 giant cockroaches
  5 hobgoblins
  6 jackals
  8 kobolds
  5 quokkas
  9 ball pythons
  3 frilled lizards
  9 goblins
  8 rats
  9 tentacles
965 creatures vanquished.

Vanquished Creatures (collateral kills)
  2 nagarajas (Snake:4)
  2 naga sharpshooters (Snake:4)
  A naga warrior (Snake:4)
5 creatures vanquished.

Vanquished Creatures (others)
  Mlioglotl (Snake:3)
  Ilsuiw (Shoals:4)
  2 merfolk impalers (Shoals:4)
  2 anacondas (Snake:3)
  2 merfolk aquamancers (Shoals:4)
  2 shock serpents (Snake:3)
  A naga ritualist (Snake:3)
  7 black mambas (Snake:3)
  A kobold blastminer (Orc:2)
  2 merfolk (Shoals:4)
  A water elemental (Elf:1)
  A naga (Snake:3)
  An orc wizard (Orc:2)
  An orc (D:15)
  5 starspawn tentacles
  15 tentacles
45 creatures vanquished.

Grand Total: 1015 creatures vanquished

Notes
Turn   | Place    | Note
-------+----------+-------------------------------------------
     0 | D:1      | jasper the Hill Orc Cinder Acolyte began the quest for the
                  | Orb.
     0 | D:1      | Reached XP level 1. HP: 19/19 MP: 2/2
   159 | D:1      | Reached XP level 2. HP: 26/26 MP: 3/3
   162 | D:1      | Learned a level 2 spell: Scorch
   381 | D:1      | Reached skill level 5 in Axes
   562 | D:1      | Reached XP level 3. HP: 31/31 MP: 4/4
  1162 | D:2      | Found Dicicwoa's General Store.
  1180 | D:2      | Reached XP level 4. HP: 35/39 MP: 5/5
  1188 | D:2      | Bought a +0 chain mail for 49 gold pieces
  1188 | D:2      | Bought a potion of curing for 33 gold pieces
  1667 | D:3      | Found a stormy altar of Qazlal.
  1747 | D:2      | Bought a scroll of teleportation for 33 gold pieces
  2239 | D:3      | Reached XP level 5. HP: 37/45 MP: 6/6
  2349 | D:3      | Found a faded altar of an unknown god.
  2352 | D:3      | Found a shadowy altar of Dithmenos.
  2503 | D:3      | Found a white marble altar of Elyvilon.
  2544 | D:3      | Found a basalt altar of Yredelemnul.
  2544 | D:3      | Noticed a weeping skull
  2820 | D:4      | Found a shimmering altar of Xom.
  2842 | D:4      | Noticed an ogre
  3135 | D:4      | Killed an ogre
  3136 | D:4      | Reached XP level 6. HP: 42/51 MP: 7/7
  3279 | D:4      | Noticed Edmund
  3410 | D:5      | Entered Level 5 of the Dungeon
  3452 | D:5      | Reached skill level 10 in Axes
  3452 | D:5      | Reached XP level 7. HP: 27/57 MP: 8/8
  4213 | D:5      | Reached XP level 8. HP: 52/64 MP: 9/9
  4379 | D:5      | Found an ornate altar of the Wu Jian Council.
  4379 | D:5      | Found a glowing golden altar of the Shining One.
  4379 | D:5      | Found an opulent altar of Gozag.
  4383 | D:5      | Found a staircase to the Ecumenical Temple.
  4474 | D:5      | HP: 3/64 [poisoned by a gnoll sergeant]
  4477 | D:5      | HP: 1/64 [poisoned by a gnoll sergeant]
  4978 | D:5      | Found a hide-covered altar of Uskayaw.
  5010 | D:6      | Found a hazy altar of Hepliaklqana.
  5191 | D:6      | Identified the +5 ring mail of the Fife {rC- Int+6}
  5203 | D:6      | Found Byizaoca's Distillery.
  5224 | D:6      | Noticed a kobold demonologist
  5244 | D:6      | Noticed a ynoxinul
  5254 | D:6      | Killed a kobold demonologist
  5255 | D:6      | Reached skill level 1 in Armour
  5255 | D:6      | Reached skill level 1 in Shields
  5430 | D:6      | Found a transporter.
  5472 | D:6      | Reached XP level 9. HP: 50/72 MP: 10/10
  5580 | D:6      | Found a transporter.
  5587 | D:6      | Identified the amulet "Qukhloh" {Spirit rN+}
  5612 | D:6      | Identified the +0 buckler of Akoicad {rF+ Str+3 Int+3}
  5668 | D:6      | Bought a potion of curing for 39 gold pieces
  5668 | D:6      | Bought a potion of haste for 130 gold pieces
  5885 | D:7      | Noticed Maggie
  5899 | D:7      | Killed Maggie
  5900 | D:7      | Reached skill level 5 in Fighting
  5901 | D:7      | Found a bloodstained altar of Trog.
  6093 | D:7      | Noticed a cyan ugly thing
  6093 | D:7      | Noticed a deep elf pyromancer
  6093 | D:7      | Noticed a deep elf pyromancer
  6099 | D:7      | Noticed a skeletal warrior
  6261 | D:7      | Noticed a troll
  6272 | D:7      | Killed a troll
  6345 | D:7      | HP: 1/78 [cyan ugly thing (12)]
  6346 | D:7      | Killed a cyan ugly thing
  6347 | D:7      | Reached skill level 5 in Armour
  6347 | D:7      | Reached skill level 5 in Shields
  6347 | D:7      | Reached XP level 10. HP: 2/86 MP: 11/11
  6604 | D:8      | Found a broken altar of Ashenzari.
  7005 | D:8      | Noticed Maurice
  7255 | D:8      | Found a sparkling altar of Nemelex Xobeh.
  7297 | D:8      | Found a glowing silver altar of Zin.
  7446 | D:7      | Something stole a +3 quarterstaff
  7451 | D:7      | Something stole 257 gold
  7453 | D:7      | Something stole a ring of magical power
  7455 | D:7      | Killed Maurice
  7783 | D:8      | Found Ytwax's Magic Scroll Shop.
  7789 | D:8      | Bought a scroll of blinking for 97 gold pieces
  7789 | D:8      | Bought a scroll of fear for 52 gold pieces
  7789 | D:8      | Bought a scroll of teleportation for 39 gold pieces
  7789 | D:8      | Bought a scroll of teleportation for 39 gold pieces
  8039 | D:9      | Found a staircase to the Orcish Mines.
  8674 | D:9      | Noticed Pikel
  8699 | D:9      | Killed Pikel
  8899 | D:9      | Reached XP level 11. HP: 97/97 MP: 12/12
  9333 | D:9      | Found a staircase to the Lair.
  9463 | D:10     | Entered Level 10 of the Dungeon
  9463 | D:10     | Noticed a two-headed ogre
  9463 | D:10     | Found a burning altar of Makhleb.
  9472 | D:10     | Killed a two-headed ogre
  9473 | D:10     | Reached skill level 10 in Fighting
  9671 | D:10     | Identified the +0 pair of gloves "Kungosif" {Regen+ Dex+2}
 10335 | D:11     | Noticed a boulder beetle
 10373 | D:11     | Killed a boulder beetle
 10747 | D:11     | Reached skill level 15 in Axes
 11150 | Lair:1   | Entered Level 1 of the Lair of Beasts
 11496 | Lair:1   | Noticed a catoblepas
 11516 | Lair:1   | Killed a catoblepas
 11519 | Lair:1   | Reached XP level 12. HP: 108/108 MP: 13/13
 11566 | Lair:1   | Found a frozen archway.
 11590 | IceCv    | Entered an ice cave
 12668 | Lair:2   | Noticed an eight-headed hydra
 12687 | Lair:2   | Killed a two-headed hydra
 12688 | Lair:2   | Reached skill level 10 in Armour
 12688 | Lair:2   | Reached skill level 10 in Shields
 12855 | Lair:2   | You are sucked into a shaft and drop 1 floor!
 12971 | Lair:2   | Identified the +2 ring mail of Eceesuef {Slay+2}
 12993 | Lair:2   | Found a staircase to the Snake Pit.
 13390 | Temple   | Entered the Ecumenical Temple
 13403 | Temple   | Fell from the grace of Ignis
 13403 | Temple   | Became a worshipper of Lugonu the Unformed
 13626 | D:4      | Killed Edmund
 13926 | D:7      | Reached skill level 1 in Invocations
 14040 | D:7      | Reached skill level 2 in Invocations
 14456 | Lair:2   | Reached skill level 3 in Invocations
 14645 | Lair:2   | Reached skill level 4 in Invocations
 14655 | Lair:2   | Reached XP level 13. HP: 119/119 MP: 16/16
 14687 | Lair:2   | Reached * piety under Lugonu
 14696 | Lair:2   | Reached skill level 5 in Invocations
 15336 | Lair:2   | Reached skill level 6 in Invocations
 15469 | Lair:3   | Learned a level 1 spell: Apportation
 15544 | Lair:3   | Found a staircase to the Shoals.
 15646 | Lair:3   | Reached skill level 7 in Invocations
 15743 | Lair:3   | Found a runed translucent door.
 15750 | Lair:3   | Noticed LoggersVIII's ghost (journeyman OpEE)
 15773 | Lair:3   | Reached ** piety under Lugonu
 15908 | Lair:3   | Reached skill level 8 in Invocations
 16237 | Lair:4   | Found a staircase to the Slime Pits.
 16545 | Lair:4   | Reached skill level 9 in Invocations
 16598 | Lair:4   | Found a runed translucent door.
 16603 | Lair:4   | Noticed Murgh's ghost (journeyman MiBe)
 17221 | Lair:3   | You are sucked into a shaft and drop 2 floors!
 17221 | Lair:5   | Entered Level 5 of the Lair of Beasts
 17299 | Lair:5   | Reached skill level 10 in Invocations
 17299 | Lair:5   | Reached XP level 14. HP: 93/130 MP: 21/21
 17309 | Lair:5   | Reached *** piety under Lugonu
 17424 | Lair:5   | Was forgiven by Ignis
 17529 | Lair:5   | Reached skill level 11 in Invocations
 17732 | Orc:1    | Entered Level 1 of the Orcish Mines
 17737 | Orc:1    | Noticed Harold
 17742 | Orc:1    | Noticed Snorg
 17813 | D:9      | Banished Snorg
 17859 | Orc:1    | Noticed Urug
 17872 | Orc:1    | Killed Harold
 17886 | Orc:1    | Killed Urug
 18062 | Orc:2    | Entered Level 2 of the Orcish Mines
 18178 | Orc:2    | Found a staircase to the Elven Halls.
 18601 | Orc:2    | Reached **** piety under Lugonu
 18620 | Orc:2    | Found Niur's Magic Scroll Shop.
 18653 | Orc:2    | Bought a scroll of teleportation for 48 gold pieces
 18653 | Orc:2    | Bought a scroll of blinking for 120 gold pieces
 18653 | Orc:2    | Bought 2 scrolls of immolation for 128 gold pieces
 18653 | Orc:2    | Bought a scroll of vulnerability for 64 gold pieces
 18751 | Orc:2    | HP: 3/133 [kobold blastminer/iron shot (32)]
 18893 | Orc:2    | Found Vetek's Magic Scroll Emporium.
 18894 | Orc:2    | Found Goaffu's General Store.
 18923 | Orc:2    | Reached skill level 12 in Invocations
 19180 | Orc:2    | Bought a scroll of fog for 56 gold pieces
 19180 | Orc:2    | Bought a scroll of teleportation for 42 gold pieces
 19180 | Orc:2    | Bought a scroll of teleportation for 42 gold pieces
 19180 | Orc:2    | Bought a scroll of teleportation for 42 gold pieces
 19820 | Orc:2    | Paralysed by an orc sorcerer for 4 turns
 20150 | Orc:2    | Reached skill level 13 in Invocations
 20269 | Orc:2    | Reached XP level 15. HP: 72/139 MP: 23/25
 20315 | Orc:2    | Paralysed by an orc sorcerer for 3 turns
 20330 | Orc:2    | Paralysed by an orc sorcerer for 4 turns
 20353 | Orc:2    | Found Adegumod's Jewellery Boutique.
 20353 | Orc:2    | Found Unwiated's Antique Weapon Shop.
 20354 | Orc:2    | Found a one-way gate leading to the halls of Pandemonium.
 20356 | Orc:2    | Bought an amulet of regeneration for 450 gold pieces
 20356 | Orc:2    | Bought a ring of poison resistance for 300 gold pieces
 20679 | Lair:5   | Reached ***** piety under Lugonu
 20680 | Lair:5   | Reached skill level 15 in Fighting
 21231 | Orc:2    | Bought a broad axe for 136 gold pieces
 23409 | D:13     | Reached skill level 14 in Invocations
 23497 | D:13     | Noticed Secargh's ghost (journeyman DsGl)
 23497 | D:13     | Found a transporter.
 23501 | D:13     | Found a transporter.
 23982 | D:6      | Noticed drcatpants2's ghost (novice BaBe)
 24014 | D:6      | Killed drcatpants2's ghost
 24522 | D:14     | Found a gate to the Vaults.
 25157 | D:14     | Reached ****** piety under Lugonu
 25158 | D:14     | Identified a +2 broad axe of distortion (a +0 broad axe of
                  | protection corrupted by Lugonu)
 25158 | D:14     | Received a gift from Lugonu
 25241 | D:14     | Found a runed translucent door.
 25251 | D:14     | Reached skill level 15 in Invocations
 25326 | D:14     | Reached XP level 16. HP: 103/149 MP: 27/27
 25755 | D:15     | Entered Level 15 of the Dungeon
 25776 | D:15     | Found a transporter.
 25804 | D:15     | Noticed Xiestris's ghost (journeyman DsGl)
 25805 | D:15     | Noticed SafestHooves's ghost (journeyman CeMo)
 26000 | D:15     | Found a staircase to the Depths.
 26085 | D:15     | Found an iron altar of Okawaru.
 26231 | D:15     | Paralysed by an orc sorcerer for 2 turns
 26301 | D:15     | Paralysed by an ogre mage for 3 turns
 26309 | D:15     | Paralysed by an ogre mage for 3 turns
 26339 | D:15     | Found a transporter.
 26397 | D:15     | Reached skill level 16 in Invocations
 27004 | Snake:1  | Entered Level 1 of the Snake Pit
 27004 | Snake:1  | Found a hazy altar of Hepliaklqana.
 27336 | Snake:1  | Identified the +1 arbalest of the Shrinking Rat {penet,
                  | rN+}
 28792 | Snake:2  | Reached skill level 17 in Invocations
 29136 | Snake:2  | Noticed a nagaraja
 29150 | Snake:2  | Killed a nagaraja
 29535 | Snake:3  | Reached XP level 17. HP: 135/160 MP: 29/29
 29657 | Snake:3  | Noticed Mlioglotl
 29661 | Snake:3  | Corrupted Snake:3
 29661 | Snake:3  | Noticed a bone dragon
 29679 | Snake:3  | Killed Mlioglotl
 29787 | Snake:3  | Found Sucritosi's Magic Scroll Emporium.
 29795 | Snake:3  | Bought 3 scrolls of blinking for 337 gold pieces
 29795 | Snake:3  | Bought a scroll of blinking for 112 gold pieces
 29795 | Snake:3  | Bought a scroll of teleportation for 45 gold pieces
 29795 | Snake:3  | Bought 3 scrolls of teleportation for 135 gold pieces
 29795 | Snake:3  | Found Amni's Antique Weapon Emporium.
 29971 | Snake:3  | Identified the orb of Good Intentions {*channel, Harm rF+
                  | Fire}
 30292 | Snake:4  | Entered Level 4 of the Snake Pit
 30347 | Snake:3  | Reached skill level 15 in Shields
 30514 | Snake:4  | Found a runed translucent gate.
 30514 | Snake:4  | Found a runed translucent gate.
 30514 | Snake:4  | Found a runed translucent gate.
 30523 | Snake:4  | Noticed LobsterGuardian's ghost (adept DsNe)
 30596 | Snake:3  | Reached skill level 15 in Armour
 30730 | Snake:4  | Reached skill level 18 in Invocations
 31339 | Snake:4  | Noticed Nikola
 31341 | Snake:4  | Banished Nikola
 31925 | Snake:4  | Reached skill level 19 in Invocations
 32808 | Snake:4  | Reached XP level 18. HP: 25/170 MP: 31/31
 32927 | Snake:4  | Got a serpentine rune of Zot
 33096 | Shoals:1 | Entered Level 1 of the Shoals
 33634 | Shoals:1 | Reached skill level 20 in Invocations
 35861 | Shoals:3 | Reached skill level 21 in Invocations
 36116 | Shoals:3 | Learned a level 3 spell: Swiftness
 36141 | Shoals:4 | Entered Level 4 of the Shoals
 36760 | Shoals:4 | Found Meawees's Armour Emporium.
 36992 | Shoals:4 | Reached XP level 19. HP: 118/181 MP: 33/33
 37062 | Shoals:4 | HP: 9/181 [merfolk impaler/+5 heavy trident (6)]
 37078 | Shoals:4 | Got a barnacled rune of Zot
 37301 | Shoals:4 | Noticed Ilsuiw
 37329 | Shoals:4 | Corrupted Shoals:4
 37329 | Shoals:4 | Noticed a bone dragon
 37329 | Shoals:4 | Noticed a bone dragon
 37342 | Shoals:4 | Killed Ilsuiw
 37573 | Elf:1    | Entered Level 1 of the Elven Halls
 37641 | Elf:1    | HP: 9/183 [+3 long sword of electrocution (9)]
 37645 | Elf:1    | HP: 3/183 [+3 long sword of electrocution (13)]
 37645 | Elf:1    | Shot with an arrow by a deep elf archer

Illustrated notes

Levels and vault maps discovered:
D:1:      dpeg_arrival_boxes_within_box, layout_basic, grunt_decor_resistance,
          st_stairs_6, minmay_pentomino_u4
D:2:      layout_rooms, serial_shops, shop
D:3:      layout_basic, yredelemnul_forgotten_temple_becter,
          mainiacjoe_overflow_boulevard, nicolae_overflow_ecumenical_swirl,
          marbit_many_paths, minmay_misc_feat_alley
D:4:      layout_layer_cave, overflow_temple_1_default, uniq_edmund
D:5:      layout_rooms, gammafunk_temple_overflow_forgotten, lemuel_tele_altar,
          minmay_temple_entry_gardened_gates, portal_sewer_entry_e,
          grunt_ministairs_9, minivault_11, minmay_misc_feat_four_crosses,
          kennysheep_cross_room
D:6:      layout_cave_pools, nzn_hepliaklqana_mist_gate, serial_shops,
          nicolae_shop_peninsula, gammafunk_ghost_gnarly_gnolls
D:7:      minmay_the_grid_plus [minmay_the_grid_dragon_b, minmay_the_grid_mess,
          minmay_the_grid_large_cup, minmay_the_grid_tree,
          minmay_the_grid_prize_big_room], layout_cave_pools, bloody_trog,
          uniq_maggie
D:8:      layout_basic, cheibrodos_ashenzari_chains,
          mainiacjoe_overflow_small_starburst, kennysheep_mini, serial_shops,
          nicolae_shop_pleasant_corner_grove, serial_curves, eino_curves_03,
          eino_curves_03, eino_curves_01, eino_curves_04, uniq_maurice
D:9:      layout_small_grid, erik_lair_dragon, orc_0_dummy, uniq_pikel
D:10:     layout_loops_ring, bloody_makhleb
D:11:     layout_long_grid
D:12:     layout_stronghold, serial_column_ruins, column_ruins_open_large,
          column_ruins_open_medium, column_ruins_open_tiny,
          column_ruins_columns_dead_end, column_ruins_columns_corner,
          column_ruins_open_large, column_ruins_open_small
D:13:     layout_roguey, gammafunk_ghost_hive, nicolae_the_louvre
D:14:     mludivico_vault, layout_irregular_city, david_vaults_2,
          serial_bayou_lagoon_a
D:15:     grunt_enter_depths_snipers, layout_grid_maze, nzn_ghost_randoct,
          lemuel_doored_altar, st_stairs_3
Temple:   corrupted_temple
Lair:1:   layout_regular_city, portal_ice_cave_rime, grunt_megastairs_1
Lair:2:   layout_hall_layers, nicolae_snake_entry_warm_welcome,
          grunt_megastairs_4
Lair:3:   layout_long_grid, minmay_shoals_entry_beasts, gammafunk_ghost_grave,
          grunt_megastairs_2, infiniplex_staircase_pool
Lair:4:   layout_gridlike, slime_entry_1, ebering_ghost_reflecting_pool
Lair:5:   grunt_lair_end_beastmaster, layout_cave_shapes
Shoals:1: layout_shoals, nicolae_shoals_circle_sea_wall
Shoals:2: layout_shoals
Shoals:3: layout_shoals, nicolae_shoals_kraken_intersection
Shoals:4: shoals_end_simple, layout_shoals, shoals_ilsuiw_alternative,
          serial_shops, shop, ldierk_geyser
Snake:1:  layout_misc_corridors, basic_altar, serial_bayou_shore_a,
          lemuel_fruit_tree, serial_bayou_shore_b, serial_bayou_shore_b
Snake:2:  layout_onion
Snake:3:  layout_rooms, minmay_shop_star, uniq_mlioglotl
Snake:4:  grunt_snake_rune_serpentine_throne, layout_cave_town,
          ebering_ghost_rock_garden, hangedman_snake_corridor_split, uniq_nikola
Orc:1:    layout_diamond_mine, uniq_harold, uniq_snorg, uniq_urug
Orc:2:    pf_orc_diabolical, layout_caves, serial_shops,
          nicolae_shop_just_a_little_nook, statue_in_the_mist_lemuel
Elf:1:    eino_elf_arrival_the_gate, layout_geoelf_octagon, minivault_28,
          uniq_roxanne

Skill      XL: |  1  2  3  4  5  6  7  8  9 10 11 12 13 14 15 16 17 18 19 |
---------------+----------------------------------------------------------+-----
Axes           | 5 6 7 9 10 12 14 16 18 | 18.0
Fighting       | 4 7 9 10 12 13 14 15 16 17 18 19 | 19.4
Armour         | 1 5 7 9 10 12 13 14 15 16 17 | 17.0
Shields        | 1 5 7 9 10 12 13 14 15 16 17 | 17.0
Invocations    | 4 10 13 15 17 19 21 | 21.6
Spellcasting   | |  1.0
Fire Magic     | |  3.2

Action                     |  1- 3 |  4- 6 |  7- 9 | 10-12 | 13-15 | 16-18 | 19-21 || total
---------------------------+-------+-------+-------+-------+-------+-------+-------++-------
  Melee: Hand axe          |   132 |   147 |   278 |   440 |    49 |     9 |       ||  1055
         Punch             |       |     2 |     3 |       |       |       |       ||     5
         War axe           |       |       |       |   391 |  1115 |       |       ||  1506
         Broad axe         |       |       |       |       |   610 |  1390 |    87 ||  2087
  Throw: Stone             |     4 |     6 |     2 |     7 |     1 |     2 |       ||    22
         Dart              |       |     3 |       |       |       |       |       ||     3
 Invoke: Fiery Armour      |       |     1 |     6 |     5 |       |       |       ||    12
         Rising Flame      |       |     1 |       |       |       |       |       ||     1
         Banish            |       |       |       |       |     6 |     4 |       ||    10
         Brand Weapon With |       |       |       |       |     1 |       |       ||     1
         Corrupt           |       |       |       |       |       |     1 |     1 ||     2
  Evoke: Wand              |       |       |       |     5 |     5 |     3 |       ||    13
    Use: Scroll            |       |     8 |     9 |     5 |    12 |    12 |       ||    46
         Potion            |       |     1 |     3 |     6 |     2 |     3 |     6 ||    21
   Stab: Invisible         |       |       |     1 |     2 |       |       |       ||     3
         Petrified         |       |       |       |       |    19 |       |       ||    19
         Petrifying        |       |       |       |       |     1 |       |       ||     1
         Distracted        |       |       |       |       |       |     1 |       ||     1
 Armour: Robe              |     4 |       |       |       |       |       |       ||     4
         Ring mail         |    83 |       |       |       |       |       |       ||    83
         Chain mail        |       |   113 |   216 |   626 |   719 |       |       ||  1674
         Plate armour      |       |       |       |       |   748 |  1282 |   168 ||  2198
         Skin              |       |       |       |       |    10 |       |       ||    10
  Dodge: Dodged            |    68 |    38 |    67 |   149 |   393 |   327 |    28 ||  1070
  Block: Kite shield       |       |       |    42 |   293 |   925 |   967 |    86 ||  2313
